 Dungeon Crawl Stone Soup version 0.29.0-4-gdea44cf6ec (webtiles) character file.

Game seed: 1600038127794387437

302 Destructed3 the Chopper (level 6, -15/53 HPs)
             Began as a Gnoll Chaos Knight on Aug 27, 2022.
             Was a Plaything of Xom.
             Demolished by an ogre
             ... wielding a +0 giant club
              (18 damage)
             ... on level 4 of the Dungeon.
             The game lasted 00:06:54 (3522 turns).

Destructed3 the Chopper (Gnoll Chaos Knight)        Turns: 3522, Time: 00:06:55

Health: -15/53     AC:  5    Str: 11    XL:     6   Next: 37%
Magic:  9/9        EV: 12    Int: 14    God:    Xom [.*....]
Gold:   175        SH:  0    Dex: 11    Spells: 9/9 levels left

rFire   . . .      SeeInvis .   i - +3 dagger
rCold   . . .      Faith    .   (no shield)
rNeg    . . .      Spirit   .   b - +2 leather armour
rPois   .          Reflect  .   (no helmet)
rElec   .          Harm     .   (no cloak)
rCorr   .          Rampage  .   (no gloves)
Will    .....                   (no boots)
Stlth   ++........              (no amulet)
HPRegen 0.17/turn               (no ring)
MPRegen 0.11/turn               (no ring)

@: no status effects
A: fangs 1, strong nose, distributed training, wild magic 1
a: Renounce Religion


You were on level 4 of the Dungeon.
You worshipped Xom.
You were a plaything of Xom.
You visited 1 branch of the dungeon, and saw 4 of its levels.

You collected 175 gold pieces.

Inventory:

Hand Weapons
 a - a +0 hand axe of chaos
 d - a +0 vorpal mace
 h - a +2 dagger of venom
 i - a +3 dagger (weapon)
 p - a +1 dagger of speed
 s - a +1 dagger of electrocution
 A - a +0 antimagic whip
Armour
 b - a +2 leather armour (worn)
 j - a +1 helmet
Wands
 v - a wand of quicksilver (3)
Scrolls
 e - a scroll of enchant weapon {unknown}
 f - 3 scrolls of amnesia {unknown}
 g - a scroll of identify {unknown}
 k - 2 scrolls of blinking {unknown}
 l - 2 scrolls of butterflies {unknown}
 n - a scroll of immolation {unknown}
 r - a scroll of silence {unknown}
 w - a scroll of fear {unknown}
 y - 3 scrolls of teleportation {unknown}
 C - a scroll of vulnerability {unknown}
Potions
 m - 3 potions of heal wounds {unknown}
 o - 2 potions of cancellation {unknown}
 q - a potion of attraction {unknown}
 t - 2 potions of mutation {unknown}
 u - a potion of berserk rage {unknown}
 x - a potion of curing {unknown}
 z - 2 potions of ambrosia {unknown}
 B - a potion of might {unknown}
Miscellaneous
 c - a piece from Xom's chessboard (15/15) (quivered)


   Skills:
 + Level 6.8 Fighting
 + Level 2.0 Short Blades
 + Level 2.0 Long Blades
 + Level 6.8 Axes
 + Level 2.0 Maces & Flails
 + Level 2.0 Polearms
 + Level 2.0 Staves
 + Level 2.0 Ranged Weapons
 + Level 2.0 Throwing
 + Level 5.0 Armour
 + Level 3.3 Dodging
 + Level 2.0 Stealth
 + Level 2.0 Shields
 + Level 2.0 Unarmed Combat
 + Level 2.0 Spellcasting
 + Level 1.6 Conjurations
 + Level 1.6 Hexes
 + Level 1.6 Summonings
 + Level 1.6 Necromancy
 + Level 1.6 Translocations
 + Level 1.6 Transmutations
 + Level 1.6 Fire Magic
 + Level 1.6 Ice Magic
 + Level 1.6 Air Magic
 + Level 1.6 Earth Magic
 + Level 1.6 Poison Magic
 + Level 2.2 Invocations
 + Level 2.0 Evocations


You had 9 spell levels left.
You didn't know any spells.
Your spell library was empty.

Dungeon Overview and Level Annotations

Branches:
Dungeon (4/15)
 Temple: D:4-7

Altars:


Innate Abilities, Weirdness & Mutations

You have very sharp teeth.
Your uncanny sense of smell can sniff out nearby items.
Your experience applies equally to all skills.
Your spells are a little harder to cast, but a little more powerful.


Message History

Done exploring.
Done exploring.
There is a stone staircase leading down here.
You climb downwards.
Found a scroll labelled SUF WEPECLOBAL.
There is a stone staircase leading up here.
C - a scroll labelled SUF WEPECLOBAL
There is a stone staircase leading up here.
You now have 161 gold pieces (gained 8).
You now have 175 gold pieces (gained 14).
An ogre comes into view. It is wielding a +0 giant club.
The ogre shouts!
You see here a green potion.
An ogre is nearby!
You hit the ogre. Your bite misses the ogre.
The ogre is lightly wounded.
You hit the ogre.
The ogre is moderately wounded.
The ogre misses you.
You hit the ogre. You bite the ogre.
The ogre is heavily wounded.
The ogre hits you with a +0 giant club!!
Ouch! That really hurt!
You hit the ogre.
The ogre is severely wounded.
You barely miss the ogre. You bite the ogre.
The ogre is severely wounded.
The ogre hits you with a +0 giant club!
* * * LOW HITPOINT WARNING * * *
You hit the ogre.
The ogre is severely wounded.
You barely miss the ogre. You bite the ogre, but do no damage.
The ogre is severely wounded.
The ogre hits you with a +0 giant club!
* * * LOW HITPOINT WARNING * * *
You hit the ogre.
The ogre is almost dead.
The ogre hits you with a +0 giant club!!
You die...
Xom cackles wildly!

#....## ##.#.## #
#.###.###.#...##.#
.. #............#
#. #######...####
# ##.## #.# #.#
#.# #@# #.O......
########. ∆


You could see an ogre.

Vanquished Creatures
  The ghost of btonasse the Insei, an amateur OpTm (D:3)
  A necrophage (D:3)
  A killer bee (D:2)
  Natasha (twice) (D:2)
  2 adders
  5 dart slugs
  4 bats
  4 endoplasms
  5 goblins
  3 hobgoblins
  2 jackals (D:1)
  9 kobolds
  A quokka (D:3)
  6 ball pythons
  3 frilled lizards
  4 rats
53 creatures vanquished.

Notes
Turn   | Place    | Note
-------+----------+-------------------------------------------
     0 | D:1      | Destructed3 the Gnoll Chaos Knight began the quest for the
                  | Orb.
     0 | D:1      | Reached XP level 1. HP: 23/23 MP: 1/1
   206 | D:1      | Reached XP level 2. HP: 29/29 MP: 2/2
   274 | D:1      | Found a faded altar of an unknown god.
   532 | D:1      | Reached XP level 3. HP: 35/35 MP: 3/3
   542 | D:1      | XOM: divination: detect creatures
   805 | D:2      | Noticed Natasha
   823 | D:2      | XOM: silly message
   825 | D:2      | Noticed Natasha
   825 | D:2      | Natasha changed into Natasha the killer bee
   825 | D:2      | XOM: polymorph Natasha -> Natasha the killer bee
   829 | D:2      | Killed Natasha the killer bee
   830 | D:2      | Reached skill level 1 in Short Blades
   830 | D:2      | Reached skill level 1 in Long Blades
   830 | D:2      | Reached skill level 1 in Maces & Flails
   830 | D:2      | Reached skill level 1 in Polearms
   830 | D:2      | Reached skill level 1 in Staves
   830 | D:2      | Reached skill level 1 in Ranged Weapons
   830 | D:2      | Reached skill level 1 in Throwing
   830 | D:2      | Reached skill level 1 in Stealth
   830 | D:2      | Reached skill level 1 in Shields
   830 | D:2      | Reached skill level 1 in Unarmed Combat
   830 | D:2      | Reached skill level 1 in Spellcasting
   830 | D:2      | Reached skill level 1 in Invocations
   830 | D:2      | Reached skill level 1 in Evocations
   830 | D:2      | Reached XP level 4. HP: 19/41 MP: 5/5
   865 | D:2      | XOM is BORED!
   865 | D:2      | XOM: noise
   901 | D:2      | XOM: 7-stop teleportation journey
  1087 | D:2      | Reached skill level 1 in Conjurations
  1087 | D:2      | Reached skill level 1 in Hexes
  1087 | D:2      | Reached skill level 1 in Summonings
  1087 | D:2      | Reached skill level 1 in Necromancy
  1087 | D:2      | Reached skill level 1 in Translocations
  1087 | D:2      | Reached skill level 1 in Transmutations
  1087 | D:2      | Reached skill level 1 in Fire Magic
  1087 | D:2      | Reached skill level 1 in Ice Magic
  1087 | D:2      | Reached skill level 1 in Air Magic
  1087 | D:2      | Reached skill level 1 in Earth Magic
  1087 | D:2      | Reached skill level 1 in Poison Magic
  1578 | D:2      | Noticed Natasha
  1588 | D:2      | XOM: summons 3 friendly demons
  1594 | D:2      | Killed Natasha
  1595 | D:2      | Reached XP level 5. HP: 14/47 MP: 5/7
  1723 | D:2      | XOM: cloud trail
  1771 | D:2      | Noticed Natasha
  1780 | D:2      | Killed Natasha
  1818 | D:2      | XOM: noise
  1878 | D:2      | XOM: noise
  2521 | D:3      | XOM: noise
  2734 | D:3      | Found a transporter.
  2824 | D:3      | XOM is BORED!
  2824 | D:3      | XOM: give mutations
  2824 | D:3      | Gained mutation: Your spells are a little harder to cast,
                  | but a little more powerful. [Xom's mischief]
  2824 | D:3      | Gained mutation: You occasionally lose the ability to read
                  | scrolls when taking damage. [Xom's mischief]
  2824 | D:3      | Lost mutation: You occasionally lose the ability to read
                  | scrolls when taking damage. [Xom's mischief]
  3036 | D:3      | Found a transporter.
  3039 | D:3      | Noticed btonasse's ghost (amateur OpTm)
  3045 | D:3      | XOM: confuse monster(s)
  3063 | D:3      | Killed btonasse's ghost
  3064 | D:3      | Reached skill level 5 in Armour
  3064 | D:3      | Reached XP level 6. HP: 47/53 MP: 7/9
  3522 | D:4      | Demolished by an ogre

Illustrated notes

Levels and vault maps discovered:
D:1:      matt_arrival_refuge, layout_rooms,
          chequers_ecumenical_altar_simple_redux
D:2:      layout_loops_ring, hangedman_decor_points, uniq_natasha
D:3:      layout_basic, gammafunk_ghost_arena, minmay_crystal_water
D:4:      kennysheep_kobold_camp, layout_loops_ring

Skill      XL: |  1  2  3  4  5 |
---------------+----------------+-----
Short Blades   | 1 2 |  2.0
Long Blades    | 1 2 |  2.0
Maces & Flails | 1 2 |  2.0
Polearms       | 1 2 |  2.0
Staves         | 1 2 |  2.0
Ranged Weapons | 1 2 |  2.0
Throwing       | 1 2 |  2.0
Stealth        | 1 2 |  2.0
Shields        | 1 2 |  2.0
Unarmed Combat | 1 2 |  2.0
Spellcasting   | 1 2 |  2.0
Invocations    | 1 2 |  2.2
Evocations     | 1 2 |  2.0
Conjurations   | 1 |  1.6
Hexes          | 1 |  1.6
Summonings     | 1 |  1.6
Necromancy     | 1 |  1.6
Translocations | 1 |  1.6
Transmutations | 1 |  1.6
Fire Magic     | 1 |  1.6
Ice Magic      | 1 |  1.6
Air Magic      | 1 |  1.6
Earth Magic    | 1 |  1.6
Poison Magic   | 1 |  1.6
Dodging        | 3 |  3.3
Armour         | 5 |  5.0
Fighting       | |  6.8
Axes           | |  6.8

Action                   |  1- 3 |  4- 6 || total
-------------------------+-------+-------++-------
Melee: Hand axe          |    22 |       ||    22
       Bite              |     6 |    10 ||    16
       Punch             |     2 |     1 ||     3
       Dagger            |    52 |   122 ||   174
 Stab: Sleeping          |       |     3 ||     3
Armor: Leather armour    |    25 |    21 ||    46
Dodge: Dodged            |    70 |    71 ||   141
